AAA
ORLANDO WIZARDS @ MAINE GRIZZLIES
09/14/2061
 
TOP OF THE 1ST
Orlando Wizards batting - Pitching for Pawtucket Red Sox : LHP Kylen Pillion
Pitching: LHP Kylen Pillion
Batting: SHB Victor Manuel Lisboa 0-0: Called Strike
0-1: Fly out, F7 (Line Drive, 7S, EV 88.8 MPH)
Batting: LHB Hudson Pysher 0-0: Ball
1-0: Called Strike
1-1: Ball
2-1: Ball
3-1: SINGLE (Line Drive, 9S, EV 90.6 MPH)
Batting: RHB Mason Knapp 0-0: Called Strike
0-1: Foul Ball, location: 2F
0-2: Ball
1-2: SINGLE (Flyball, 4MD, EV 89.4 MPH)
Hudson Pysher to second
Batting: LHB Montana Santoscoy 0-0: Fly out, F8 (Flyball, 8LM, EV 88.8 MPH)
Batting: LHB Theodore Oliver 0-0: Swinging Strike
0-1: Called Strike
0-2: Strikes out swinging
Top of the 1st over - 0 runs, 2 hits, 0 errors, 2 left on base; Orlando 0 - Pawtucket 0
BOTTOM OF THE 1ST
Pawtucket Red Sox batting - Pitching for Orlando Wizards : LHP Sergio Castro
Pitching: LHP Sergio Castro
Batting: SHB Fernando Lara 0-0: Fly out, F8 (Flyball, 89D, EV 105.0 MPH)
Batting: RHB Mark Makar 0-0: Called Strike
0-1: Fly out, F7 (Flyball, 7, EV 91.2 MPH)
Batting: RHB Ottaviano Gomez 0-0: Foul Ball, location: 2F
0-1: Ball
1-1: Ball
2-1: Ball
3-1: Fly out, F8 (Flyball, 8RM, EV 90.6 MPH)
Bottom of the 1st over - 0 runs, 0 hits, 0 errors, 0 left on base; Orlando 0 - Pawtucket 0
TOP OF THE 2ND
Orlando Wizards batting - Pitching for Pawtucket Red Sox : LHP Kylen Pillion
Batting: SHB Rick Guerrero 0-0: Called Strike
0-1: Ball
1-1: Ball
2-1: Swinging Strike
2-2: Foul Ball, location: 2F
2-2: Ball
3-2: Strikes out swinging
Batting: RHB Fidel Cabañas 0-0: Called Strike
0-1: Ball
1-1: Foul Ball, location: 2F
1-2: SINGLE (Groundball, 6MD, EV 105.0 MPH)
Batting: RHB Jesse Camp 0-0: Called Strike
0-1: Ball
1-1: Swinging Strike
1-2: Ball
2-2: Ball
3-2: Foul Ball, location: 2F
3-2: Fly out, F7 (Flyball, 7D, EV 92.5 MPH)
Batting: RHB Juan Delgado 0-0: Called Strike
0-1: Foul Ball, location: 2F
0-2: Ball
1-2: Strikes out looking
Top of the 2nd over - 0 runs, 1 hit, 0 errors, 1 left on base; Orlando 0 - Pawtucket 0
BOTTOM OF THE 2ND
Pawtucket Red Sox batting - Pitching for Orlando Wizards : LHP Sergio Castro
Batting: LHB Pang Cheung 0-0: Ball
1-0: Swinging Strike
1-1: Called Strike
1-2: Strikes out looking
Batting: RHB Josh Cappon 0-0: Ball
1-0: Ball
2-0: Foul Ball, location: 2F
2-1: Foul Ball, location: 2F
2-2: Fly out, F7 (Flyball, 78M, EV 82.5 MPH)
Batting: LHB Mario Felipe 0-0: Ball
1-0: Ball
2-0: Ball
3-0: SINGLE (Line Drive, 9S, EV 100.6 MPH)
Batting: RHB Jesse Bothwell 0-0: Swinging Strike
0-1: Ball
1-1: Called Strike
1-2: Foul Ball, location: 2F
1-2: Foul Ball, location: 2F
1-2: Foul Ball, location: 2F
1-2: Foul Ball, location: 2F
1-2: Strikes out looking
Bottom of the 2nd over - 0 runs, 1 hit, 0 errors, 1 left on base; Orlando 0 - Pawtucket 0
TOP OF THE 3RD
Orlando Wizards batting - Pitching for Pawtucket Red Sox : LHP Kylen Pillion
Batting: SHB Victor Manuel Lisboa 0-0: Ball
1-0: Foul Ball, location: 2F
1-1: Ground out 5-3 (Groundball, 56, EV 83.8 MPH)
Batting: LHB Hudson Pysher 0-0: Foul Ball, location: 2F
0-1: SINGLE (Line Drive, 34D, EV 99.4 MPH)
Batting: RHB Mason Knapp 0-0: Ball
1-0: Foul Ball, location: 2F
1-1: Ball
2-1: Ball
3-1: Fly out, F7 (Flyball, 78S, EV 78.8 MPH)
Batting: LHB Montana Santoscoy 0-0: Ground out U3 (Groundball, 34S, EV 89.4 MPH)
Top of the 3rd over - 0 runs, 1 hit, 0 errors, 1 left on base; Orlando 0 - Pawtucket 0
BOTTOM OF THE 3RD
Pawtucket Red Sox batting - Pitching for Orlando Wizards : LHP Sergio Castro
Batting: RHB Alex Acevedo 0-0: Called Strike
0-1: Foul Ball, location: 2F
0-2: Foul Ball, location: 2F
0-2: Ground out 5-3 (Groundball, 56, EV 102.5 MPH)
Batting: RHB Hector Barreto 0-0: Ball
1-0: Ball
2-0: Fly out, F3 (Popup, 34S, EV 81.2 MPH)
Batting: SHB Fernando Lara 0-0: Swinging Strike
0-1: Ball
1-1: Foul Ball, location: 2F
1-2: Strikes out swinging
Bottom of the 3rd over - 0 runs, 0 hits, 0 errors, 0 left on base; Orlando 0 - Pawtucket 0
TOP OF THE 4TH
Orlando Wizards batting - Pitching for Pawtucket Red Sox : LHP Kylen Pillion
Batting: LHB Theodore Oliver 0-0: Ball
1-0: Called Strike
1-1: Foul Ball, location: 2F
1-2: Ball
2-2: Foul Ball, location: 2F
2-2: Foul Ball, location: 2F
2-2: Strikes out swinging
Batting: SHB Rick Guerrero 0-0: Called Strike
0-1: Called Strike
0-2: DOUBLE (Flyball, 89D, EV 109.4 MPH)
Batting: RHB Fidel Cabañas 0-0: Ball
1-0: Called Strike
1-1: Called Strike
1-2: Ball
2-2: Fly out, F7 (Line Drive, 7D, EV 87.5 MPH)
Batting: RHB Jesse Camp 0-0: Ball
1-0: Swinging Strike
1-1: Foul Ball, location: 2F
1-2: Ball
2-2: Ground out 6-3 (Groundball, 6M, EV 84.4 MPH)
Top of the 4th over - 0 runs, 1 hit, 0 errors, 1 left on base; Orlando 0 - Pawtucket 0
BOTTOM OF THE 4TH
Pawtucket Red Sox batting - Pitching for Orlando Wizards : LHP Sergio Castro
Batting: RHB Mark Makar 0-0: Foul Ball, location: 2F
0-1: Foul Ball, location: 2F
0-2: Ball
1-2: Foul Ball, location: 2F
1-2: Ball
2-2: SINGLE (Groundball, 4MS, EV 71.9 MPH) (infield hit)
Batting: RHB Ottaviano Gomez 0-0: Ball
1-0: Foul Ball, location: 2F
1-1: Foul Ball, location: 2F
1-2: Ball
2-2: SINGLE (Groundball, 6MD, EV 97.5 MPH)
Mark Makar to second
Batting: LHB Pang Cheung 0-0: Ball
Wild Pitch!
Mark Makar to third
Ottaviano Gomez to second
1-0: Called Strike
1-1: Foul Ball, location: 2F
1-2: Strikes out swinging
Batting: RHB Josh Cappon 0-0: Ball
1-0: Ball
2-0: Foul Ball, location: 2F
2-1: Ball
3-1: Foul Ball, location: 2F
3-2: Strikes out looking
Batting: LHB Mario Felipe 0-0: Called Strike
0-1: Ball
1-1: Called Strike
1-2: Ball
2-2: Strikes out looking
Bottom of the 4th over - 0 runs, 2 hits, 0 errors, 2 left on base; Orlando 0 - Pawtucket 0
TOP OF THE 5TH
Orlando Wizards batting - Pitching for Pawtucket Red Sox : LHP Kylen Pillion
Batting: RHB Juan Delgado 0-0: Swinging Strike
0-1: Ball
1-1: Foul Ball, location: 2F
1-2: Foul Ball, location: 2F
1-2: Foul Ball, location: 2F
1-2: Ball
2-2: Ground out 5-3 (Groundball, 56S, EV 61.2 MPH)
Batting: SHB Victor Manuel Lisboa 0-0: Ball
1-0: Ground out 4-3 (Groundball, 4, EV 76.9 MPH)
Batting: LHB Hudson Pysher 0-0: Ball
1-0: Called Strike
1-1: Fly out, F8 (Flyball, 8RS, EV 83.8 MPH)
Top of the 5th over - 0 runs, 0 hits, 0 errors, 0 left on base; Orlando 0 - Pawtucket 0
BOTTOM OF THE 5TH
Pawtucket Red Sox batting - Pitching for Orlando Wizards : LHP Sergio Castro
Batting: RHB Jesse Bothwell 0-0: Called Strike
0-1: Ball
1-1: Ball
2-1: Ball
3-1: Ground out 5-3 (Groundball, 56S, EV 68.8 MPH)
Batting: RHB Alex Acevedo 0-0: Foul Ball, location: 2F
0-1: Fly out, F8 (Flyball, 8LD, EV 78.8 MPH)
Batting: RHB Hector Barreto 0-0: Ball
1-0: Foul Ball, location: 2F
1-1: Ball
2-1: Called Strike
2-2: Ball
3-2: Foul Ball, location: 2F
3-2: Base on Balls
Batting: SHB Fernando Lara 0-0: Ball
1-0: Called Strike
1-1: SINGLE (Line Drive, 4M, EV 96.2 MPH)
Hector Barreto to second
Runner from 2nd tries for 3rd, SAFE, throw by CF made to third
Batting: RHB Mark Makar 0-0: Ball
1-0: Ball
2-0: Fly out, F8 (Line Drive, 8LM, EV 103.1 MPH)
Bottom of the 5th over - 0 runs, 1 hit, 0 errors, 2 left on base; Orlando 0 - Pawtucket 0
TOP OF THE 6TH
Orlando Wizards batting - Pitching for Pawtucket Red Sox : LHP Kylen Pillion
Batting: RHB Mason Knapp 0-0: SOLO HOME RUN (Flyball, 89XD, EV 101.2 MPH), Distance : 397 ft
Batting: LHB Montana Santoscoy 0-0: Ball
1-0: Foul Ball, location: 2F
1-1: Foul Ball, location: 2F
1-2: Foul Ball, location: 2F
1-2: Ball
2-2: Ball
3-2: Strikes out swinging
Batting: LHB Theodore Oliver 0-0: Called Strike
0-1: Ball
1-1: Foul Ball, location: 2F
1-2: Ball
2-2: Ball
3-2: SINGLE (Groundball, 56D, EV 96.2 MPH)
Batting: SHB Rick Guerrero 0-0: Called Strike
0-1: 2-RUN HOME RUN (Flyball, 89XD, EV 100.0 MPH), Distance : 381 ft
Batting: RHB Fidel Cabañas 0-0: Called Strike
0-1: Called Strike
0-2: Ball
1-2: Ball
2-2: Ball
3-2: Strikes out looking
Pitching: RHP Jordan Deramo
Batting: RHB Jesse Camp 0-0: Ground out 5-3 (Groundball, 56, EV 83.1 MPH)
Top of the 6th over - 3 runs, 3 hits, 0 errors, 0 left on base; Orlando 3 - Pawtucket 0
BOTTOM OF THE 6TH
Pawtucket Red Sox batting - Pitching for Orlando Wizards : LHP Sergio Castro
Batting: RHB Ottaviano Gomez 0-0: Foul Ball, location: 2F
0-1: Ground out 4-3 (Groundball, 4MS, EV 83.8 MPH)
Batting: LHB Pang Cheung 0-0: Ball
1-0: Fly out, F9 (Flyball, 9S, EV 87.5 MPH)
Batting: RHB Josh Cappon 0-0: SINGLE (Line Drive, 89S, EV 96.9 MPH)
Batting: LHB Mario Felipe 0-0: Fly out, F7 (Line Drive, 78M, EV 96.2 MPH)
Bottom of the 6th over - 0 runs, 1 hit, 0 errors, 1 left on base; Orlando 3 - Pawtucket 0
TOP OF THE 7TH
Orlando Wizards batting - Pitching for Pawtucket Red Sox : RHP Jordan Deramo
Pinch Hitting: LHB Frank Padilla 0-0: Ball
1-0: Ball
2-0: Ground out 3-1 (Groundball, 34, EV 81.9 MPH)
Batting: SHB Victor Manuel Lisboa 0-0: Ground out U3 (Groundball, 3, EV 85.6 MPH)
Batting: LHB Hudson Pysher 0-0: Swinging Strike
0-1: Ball
1-1: Called Strike
1-2: Ball
2-2: Ball
3-2: Fly out, F7 (Flyball, 7, EV 91.2 MPH)
Top of the 7th over - 0 runs, 0 hits, 0 errors, 0 left on base; Orlando 3 - Pawtucket 0
BOTTOM OF THE 7TH
Pawtucket Red Sox batting - Pitching for Orlando Wizards : LHP Sergio Castro
Now at 2B: Montana Santoscoy
Now at SS: Josh Stotts
Batting: RHB Jesse Bothwell 0-0: Called Strike
0-1: Ball
1-1: Foul Ball, location: 2F
1-2: SINGLE (Line Drive, 34D, EV 100.0 MPH)
Batting: RHB Alex Acevedo 0-0: Ball
1-0: Foul Ball, location: 2F
1-1: Swinging Strike
1-2: Strikes out looking
Pitching: LHP Anthony Baltodano
Batting: RHB Hector Barreto 0-0: SINGLE (Groundball, 56D, EV 102.5 MPH)
Jesse Bothwell to second
Batting: SHB Fernando Lara 0-0: Ball
1-0: Called Strike
1-1: Ball
2-1: Ball
3-1: Fly out, F8 (Flyball, 8LXD, EV 98.8 MPH)
Batting: RHB Mark Makar 0-0: Called Strike
0-1: Swinging Strike
0-2: Foul Ball, location: 2F
0-2: Ball
1-2: Ball
2-2: Ball
3-2: Base on Balls
Jesse Bothwell to third
Hector Barreto to second
Batting: RHB Ottaviano Gomez 0-0: SINGLE (Line Drive, 34D, EV 104.4 MPH)
Jesse Bothwell scores
Hector Barreto to third
Mark Makar to second
Batting: RHB Andy Davids 0-0: Ball
1-0: Swinging Strike
1-1: Ball
2-1: Ball
3-1: Called Strike
3-2: Base on Balls
Hector Barreto scores
Mark Makar to third
Ottaviano Gomez to second
Batting: RHB Josh Cappon 0-0: Swinging Strike
0-1: Called Strike
0-2: Ball
1-2: Ball
2-2: Strikes out looking
Bottom of the 7th over - 2 runs, 3 hits, 0 errors, 3 left on base; Orlando 3 - Pawtucket 2
TOP OF THE 8TH
Orlando Wizards batting - Pitching for Pawtucket Red Sox : RHP Jordan Deramo
Batting: RHB Mason Knapp 0-0: Ball
1-0: Swinging Strike
1-1: Ball
2-1: Foul Ball, location: 2F
2-2: Foul Ball, location: 2F
2-2: Strikes out swinging
Batting: LHB Montana Santoscoy 0-0: Foul Ball, location: 2F
0-1: Foul Ball, location: 2F
0-2: Strikes out swinging
Batting: LHB Theodore Oliver 0-0: Ball
1-0: Foul Ball, location: 2F
1-1: Ball
2-1: Called Strike
2-2: Strikes out swinging, 2-3 out at first.
Top of the 8th over - 0 runs, 0 hits, 0 errors, 0 left on base; Orlando 3 - Pawtucket 2
BOTTOM OF THE 8TH
Pawtucket Red Sox batting - Pitching for Orlando Wizards : LHP Anthony Baltodano
Batting: LHB Mario Felipe 0-0: Called Strike
0-1: Called Strike
0-2: Foul Ball, location: 2F
0-2: Ball
1-2: Ball
2-2: SOLO HOME RUN (Flyball, 9D, EV 96.9 MPH), Distance : 367 ft
Batting: RHB Jesse Bothwell 0-0: Called Strike
0-1: Ball
1-1: Foul Ball, location: 2F
1-2: Ball
2-2: Ball
3-2: Foul Ball, location: 2F
3-2: Base on Balls
Batting: RHB Alex Acevedo 0-0: Ball
1-0: Ball
2-0: Ball
3-0: Called Strike
3-1: Foul Ball, location: 2F
3-2: Base on Balls
Jesse Bothwell to second
Batting: RHB Hector Barreto 0-0: Bunted foul
0-1: Sac Bunt to 15S - play at first, batter OUT! 1-4
Jesse Bothwell to third
Alex Acevedo to second
Batting: SHB Fernando Lara 0-0: Intentional Walk
Batting: RHB Mark Makar 0-0: Called Strike
0-1: Foul Ball, location: 2F
0-2: Ball
1-2: Ball
2-2: DOUBLE (Line Drive, 8RXD, EV 105.6 MPH)
Jesse Bothwell scores
Alex Acevedo scores
Fernando Lara to third
Runner from 3rd tries for Home, SAFE, no throw by CF
Pitching: RHP David Padro
Batting: RHB Ottaviano Gomez 0-0: Ball
1-0: Foul Ball, location: 2F
1-1: Fly out, F7 (Flyball, 7, EV 85.0 MPH)
Batting: RHB Andy Davids 0-0: Ball
1-0: Foul Ball, location: 2F
1-1: Ball
2-1: Foul Ball, location: 2F
2-2: Ball
3-2: Foul Ball, location: 2F
3-2: TRIPLE (Line Drive, 8RXD, EV 103.8 MPH)
Mark Makar scores
Batting: RHB Josh Cappon 0-0: Called Strike
0-1: SINGLE (Line Drive, 8LM, EV 105.6 MPH)
Andy Davids scores
Batting: LHB Mario Felipe 0-0: Ball
1-0: Called Strike
1-1: Ball
2-1: Called Strike
2-2: 2-RUN HOME RUN (Flyball, 89XD, EV 100.6 MPH), Distance : 393 ft
Batting: RHB Jesse Bothwell 0-0: Called Strike
0-1: Foul Ball, location: 2F
0-2: Hit by Pitch
Batting: RHB Alex Acevedo 0-0: Called Strike
0-1: Ground out 5-3 (Groundball, 56S, EV 81.2 MPH)
Bottom of the 8th over - 8 runs, 5 hits, 0 errors, 1 left on base; Orlando 3 - Pawtucket 10
TOP OF THE 9TH
Orlando Wizards batting - Pitching for Pawtucket Red Sox : RHP Jordan Deramo
Batting: SHB Rick Guerrero 0-0: Called Strike
0-1: Ball
1-1: Ground out U3 (Groundball, 34, EV 86.9 MPH)
Batting: RHB Fidel Cabañas 0-0: Foul Ball, location: 2F
0-1: Foul Ball, location: 2F
0-2: Ball
1-2: Strikes out swinging
Batting: RHB Jesse Camp 0-0: Ball
1-0: Foul Ball, location: 2F
1-1: Swinging Strike
1-2: Ball
2-2: Ball
3-2: Fly out, F8 (Flyball, 8RM, EV 96.2 MPH)
Top of the 9th over - 0 runs, 0 hits, 0 errors, 0 left on base; Orlando 3 - Pawtucket 10
Monday, March 31st , 2025 - OOTP Baseball 25.11 Build 104